[Event "*** Titled Tuesday Blitz"]
[Site "Chess.com"]
[Date "2021.02.02"]
[Round "8"]
[White "jens1102"]
[Black "YIYUKI"]
[Result "1-0"]
[WhiteElo "2415"]
[BlackElo "2238"]
[TimeControl "180+1"]
[EndTime "11:30:21 PST"]
[Termination "jens1102 won by checkmate"]

1. e4 e5 2. Nf3 Nc6 3. Bc4 Bc5 4. c3 Nf6 5. d4 exd4 6. cxd4 Bb4+ 7. Bd2 Bxd2+ 8.
Nbxd2 d5 9. exd5 Nxd5 10. O-O O-O 11. Ne4 Bg4 12. Qb3 Nf6 13. Neg5 Bxf3 14. Nxf7 Rxf7 15. Bxf7+ Kf8 16. gxf3 Nxd4 17. Qb4+ Kxf7 18. Rfd1 Nxf3+ 19. Kg2 Nd5 20. Qe4 Qg5+ 21. Kh1 c6 22. Qxf3+ Kg8 23. Rg1 Qe5 24. Rae1 Qxb2 25. Qf5 Rf8 26. Qe6+ Kh8 27. Qe5 Qxe5 28. Rxe5 h6 29. Kg2 Rf4 30. Kg3 Ra4 31. Re2 Ra3+ 32. Kg4 Kg8 33. Rg3 Ra4+ 34. Kf3 Kf7 35. Rd2 Rf4+ 36. Kg2 Rc4 37. Rb3 b5 38.
Rf3+ Ke7 39. Re2+ Kd6 40. Rd2 a5 41. Rf7 Rg4+ 42. Kf3 Rg6 43. Rf8 a4 44. a3 Kc5 45.
Rc2+ Kd4 46. Rc8 b4 47. axb4 Nxb4 48. Rd8+ Ke5 49. Re2+ Kf5 50. Rf8+ Kg5 51. Re5+ Kh4 52. Rf4+ Kh3 53. Rh5# 1-0

[Event "*** Titled Tuesday Blitz"]
[Site "Chess.com"]
[Date "2021.02.02"]
[Round "8"]
[White "EvgenyT"]
[Black "Kobalia"]
[Result "1-0"]
[WhiteElo "2972"]
[BlackElo "2695"]
[TimeControl "180+1"]
[EndTime "11:30:22 PST"]
[Termination "EvgenyT won on time"]

1. Nf3 Nf6 2. b3 d5 3. Bb2 Bg4 4. e3 Nbd7 5. h3 Bh5 6. g4 Bg6 7. Nh4 e5 8. Nc3 d4 9. Ne2 c5 10. Nxg6 hxg6 11. Bg2 Bd6 12. Ng3 Qc7 13. g5 Nh5 14.
Ne4 Be7 15. Qg4 O-O 16. O-O Rad8 17. c3 dxe3 18. dxe3 c4 19. Rad1 b5 20. h4 Nc5 21.
bxc4 Na4 22. Bc1 Qxc4 23. Rd7 Qc8 24. Bh3 Rxd7 25. Qxd7 Qxd7 26. Bxd7 a6 27. c4 Nb6 28. Bc6 Nxc4 29. a4 bxa4 30. Bxa4 Nd6 31. Ba3 Nxe4 32. Bxe7 Rb8 33. Bc6 Nc3 34. Kg2 Rb6 35. Bf3 e4 36. Bg4 f5 37. gxf6 Nxf6 38. Bh3 Nfd5 39. Bc5 Rc6 40.
Bd4 a5 41. Ra1 a4 42. Ra3 Rc4 43. Bxc3 Rxc3 44. Rxa4 Nf6 45. Be6+ Kh7 46. Rd4 Rc1 47. Bd5 Rc5 48. Bxe4 Nxe4 49. Rxe4 g5 50. hxg5 Rxg5+ 51. Kf3 Rc5 52. Rg4 g5 53. Rd4 Kg6 54. Kg4 Ra5 55. f3 Rb5 56. e4 1-0

[Event "*** Titled Tuesday Blitz"]
[Site "Chess.com"]
[Date "2021.02.02"]
[Round "8"]
[White "Machidon"]
[Black "cassoulet"]
[Result "0-1"]
[WhiteElo "2558"]
[BlackElo "2748"]
[TimeControl "180+1"]
[EndTime "11:30:22 PST"]
[Termination "cassoulet won by resignation"]

1. d4 d5 2. Nc3 Nf6 3. Bf4 g6 4.
e3 Bg7 5. Nb5 Na6 6. Nf3 O-O 7.
Be2 c5 8. O-O Qb6 9. c3 c4 10.
a4 Bd7 11. b3 cxb3 12. Qxb3 Rfc8 13. Ne5 Be8 14. c4 Ne4 15. Rfd1 g5 16. a5 Qh6 17.
Bg3 Nxg3 18. hxg3 Bxe5 19. dxe5 Nc5 20. Qb2 dxc4 21. Bxc4 Ne4 22. Bd5 Nc5 23. Rac1 Qa6 24. Nd4 Nd3 25. Rxc8 Rxc8 26. Qxb7 Qxb7 27. Bxb7 Rc3 28. e6 Ba4 29. exf7+ Kxf7 30. Rd2 e5 31. Nf3 Kf6 32. Be4 Bb5 33. Bxd3 Bxd3 34. Kh2 Ra3 35. g4 h6 36. Kg3 Ke6 37. Ne1 Be4 38. f3 Bd5 39. e4 Bxe4 40. Kf2 Bd5 41. Nd3 Rxa5 42. Nb4 Rb5 43. Nxd5 Rxd5 44. Ra2 a5 45. Ra4 Kd6 46. Ke3 Kc6 47. g3 Rb5 48. Ra1 Kb6 49. Ke4 Rc5 50. Rh1 a4 51. Rxh6+ Kb5 52. Rh8 a3 53. Ra8 Kb4 54. f4 exf4 55. gxf4 Rc4+ 56. Kf5 gxf4 57. g5 f3 58. Rb8+ Kc3 59. Rb1 a2 60. Rf1 Kb2 61.
Rf2+ Rc2 62. Rf1 a1=Q 0-1

[Event "*** Titled Tuesday Blitz"]
[Site "Chess.com"]
[Date "2021.02.02"]
[Round "8"]
[White "ClauSanLuis"]
[Black "Etud-otradnoe"]
[Result "1-0"]
[WhiteElo "2280"]
[BlackElo "2356"]
[TimeControl "180+1"]
[EndTime "11:30:22 PST"]
[Termination "ClauSanLuis won on time"]

1. d4 d5 2. Bg5 Bf5 3. e3 h6 4. Bh4 c5 5. Bd3 Bxd3 6. Qxd3 Qb6 7. b3 e6 8. c3 Nc6 9. Nf3 Bd6 10. Nbd2 Nge7 11.
O-O Nf5 12. Bg3 Bxg3 13. hxg3 O-O 14. Ne5 Rad8 15. Ndf3 Nce7 16. Rab1 Nd6 17. dxc5 Qxc5 18. Qd4 b6 19. Nd3 Qc7 20. Rbc1 Rc8 21. Qg4 b5 22. Nd4 a6 23. Ne5 Ndf5 24. Nd3 Qd6 25. Rc2 Rc7 26. Rfc1 Rfc8 27. Nxf5 Nxf5 28. e4 Nd4 29. e5 Qb6 30. Rd2 Rxc3 31. Rcd1 Nc6 32. Qh5 b4 33. Nf4 Ne7 34. g4 Rc1 35. g5 Rxd1+ 36. Rxd1 Rc2 37. Nd3 Nf5 38. gxh6 Nxh6 39. Qh4 Nf5 40. Qg4 Qd4 41. Qxd4 Nxd4 42. Nxb4 Ne2+ 43.
Kf1 Nc3 44. Nxc2 1-0

[Event "*** Titled Tuesday Blitz"]
[Site "Chess.com"]
[Date "2021.02.02"]
[Round "8"]
[White "mishanick"]
[Black "LyonBeast"]
[Result "0-1"]
[WhiteElo "2908"]
[BlackElo "3109"]
[TimeControl "180+1"]
[EndTime "11:30:23 PST"]
[Termination "LyonBeast won on time"]

1. e4 c6 2. Nf3 d5 3. Nc3 Bg4 4.
h3 Bxf3 5. Qxf3 e6 6. Be2 Bc5 7.
O-O Nd7 8. Rd1 d4 9. Nb1 Ne5 10. Qg3 d3 11. Qxe5 Bd4 12. Qg3 dxc2 13. Re1 cxb1=Q 14. Rxb1 Nf6 15. Bc4 Nd7 16. d3 Qf6 17. Be3 O-O-O 18.
b4 Ne5 19. b5 c5 20. Bg5 Bxf2+ 21. Qxf2 Qxg5 22. Qxc5+ Kb8 23. Kh1 b6 24. Qf2 Nxc4 25. dxc4 Rd2 26. Re2 Rhd8 27. Rbe1 Rxe2 28. Rxe2 f6 29. e5 Rd1+ 30. Kh2 Qc1 31. exf6 Rh1+ 32. Kg3 Qg5+ 33. Kf3 Rf1 34. f7 Rxf2+ 35. Rxf2 Qe7 36. Ke4 Qf8 37. Rf3 Kc7 38. a4 Kd7 39. Ke3 Kd6 40.
Kd4 e5+ 41. Kd3 Kc5 42. Rf5 g6 43. Rf1 Kb4 44. Ke4 Kxc4 45. Rf6 Kc5 46. g4 Kb4 47. Kxe5 Qe7+ 48. Re6 Qxf7 0-1

[Event "*** Titled Tuesday Blitz"]
[Site "Chess.com"]
[Date "2021.02.02"]
[Round "8"]
[White "Oleksandr_Bortnyk"]
[Black "JTCoach"]
[Result "1/2-1/2"]
[WhiteElo "2895"]
[BlackElo "2704"]
[TimeControl "180+1"]
[EndTime "11:30:23 PST"]
[Termination "Game drawn by repetition"]

1. e4 c5 2. c3 e5 3. Nf3 Nc6 4. Bc4 Be7 5. d4 cxd4 6. Qb3 Na5 7. Bxf7+ Kf8 8. Qa4 Kxf7 9. Nxe5+ Kf8 10. cxd4 d6 11. Nd3 Nf6 12. Nc3 b5 13. Qxb5 Qb6 14. Qa4 Ba6 15. Nf4 Nc6 16. b3 Nb4 17. Be3 Rc8 18. Rc1 Nd3+ 19. Nxd3 Bxd3 20. f3 d5 21. e5 Bb4 22. Kd2 Bf5 23. exf6 gxf6 24. a3 Bxc3+ 25.
Rxc3 Rxc3 26. Kxc3 Qc7+ 27. Kd2 Qc2+ 28. Ke1 Qb1+ 29.
Kf2 Qxh1 30. Qc6 Kf7 31. Qc7+ Kg6 32. g4 Bd3 33. Kg3 Qe1+ 34. Bf2 Qe6 35. f4 f5 36. h4 h5 37. g5 Re8 38. Qxa7 Qe2 39. Qb6+ Re6 40.
Qd8 Qg4+ 41. Kh2 Qxf4+ 42. Kg1 Qg4+ 43. Kh2 Qf4+ 44. Kg1 Qc1+ 45. Kh2 Qf4+ 1/2-1/2

[Event "*** Titled Tuesday Blitz"]
[Site "Chess.com"]
[Date "2021.02.02"]
[Round "8"]
[White "Chernobay_Artem"]
[Black "Evgeny81"]
[Result "1-0"]
[WhiteElo "2618"]
[BlackElo "2737"]
[TimeControl "180+1"]
[EndTime "11:30:23 PST"]
[Termination "Chernobay_Artem won on time"]

1. d4 c5 2. d5 g6 3. c4 Bg7 4.
Nc3 d6 5. e4 Nf6 6. Be2 O-O 7.
Nf3 Bg4 8. O-O Na6 9. h3 Bxf3 10.
Bxf3 Nc7 11. a4 Nd7 12. Bg5 Na6 13. Qd2 Re8 14. Rae1 Nb4 15. Be2 a6 16. f4 Qc7 17.
Bg4 Nb6 18. b3 Nd7 19. e5 f5 20. exf6 exf6 21. Be6+ Kh8 22. Bh4 f5 23. Re2 Nf8 24.
Rfe1 Nxe6 25. dxe6 Bd4+ 26. Kh1 Qg7 27. Nd5 Nxd5 28.
cxd5 b5 29. Qd3 Rab8 30. axb5 axb5 31. e7 Rbc8 32. Re6 c4 33. bxc4 bxc4 34. Qc2 c3 35. Rxd6 Bc5 36. Rd8 Qf7 37. d6 Bxd6 38. Rxd6 Qc4 39.
Bf6+ Kg8 40. Rd3 Qxf4 41. Qb3+ Rc4 42. Rxc3 Kf7 43. Qxc4+ 1-0

[Event "*** Titled Tuesday Blitz"]
[Site "Chess.com"]
[Date "2021.02.02"]
[Round "8"]
[White "KRSilva"]
[Black "ruvat"]
[Result "0-1"]
[WhiteElo "2211"]
[BlackElo "2323"]
[TimeControl "180+1"]
[EndTime "11:30:24 PST"]
[Termination "ruvat won on time"]

1. e4 d6 2. d4 Nf6 3. Nc3 g6 4. Nf3 Bg7 5. Bf4 c6 6. h4 Bg4 7.
Be2 Bxf3 8. Bxf3 Qa5 9. Qd2 e5 10. Be3 h5 11. dxe5 dxe5 12. Qd6 Nbd7 13. Rd1 Bf8 14. Qd2 Be7 15. O-O O-O 16. Bh6 Rfd8 17. Nd5 Qc5 18. Nxe7+ Qxe7 19. Qg5 Nf8 20. Bxh5 N8h7 21.
Qe3 Nxh5 22. g3 b6 23. Qc3 c5 24. Kg2 N7f6 25. Bg5 Qe6 26. Qf3 Rd4 27. c3 Rxe4 28.
Rfe1 Rxe1 29. Qxa8+ Kg7 30. Rxe1 e4 31. Qb8 Qf5 32. Re3 Nd5 33. Qd6 Nxe3+ 34. Bxe3 Nf6 35.
Qd2 Qf3+ 36. Kg1 Ng4 37. c4 Ne5 38. Bf4 Nd3 39. Be3 Qf5 40. b3 Qe5 41. Bh6+ Kh7 42.
Kh2 Qd4 43. Be3 Qa1 44. f3 Ne1 0-1

[Event "*** Titled Tuesday Blitz"]
[Site "Chess.com"]
[Date "2021.02.02"]
[Round "8"]
[White "SantoBlue"]
[Black "esapunov"]
[Result "1-0"]
[WhiteElo "2825"]
[BlackElo "2623"]
[TimeControl "180+1"]
[EndTime "11:30:27 PST"]
[Termination "SantoBlue won by resignation"]

1. d4 Nf6 2. Bg5 d5 3. e3 c5 4.
Bxf6 gxf6 5. Nf3 e6 6. c4 dxc4 7. Bxc4 a6 8. O-O b5 9. Be2 Bb7 10. a4 b4 11. Nbd2 Nd7 12. Rc1 Rc8 13. Nc4 Qc7 14. a5 Be7 15. dxc5 Bxc5 16. Nfd2 O-O 17. Bf3 Rfd8 18. Bxb7 Qxb7 19. Qh5 Qd5 20. Qh3 f5 21. Nf3 Nf6 22. Qh4 Be7 23. Nb6 Rxc1 24. Nxd5 Rxf1+ 25. Kxf1 Rxd5 26. Qg3+ Kf8 27. Qb8+ Kg7 28. Qb7 Kf8 29. Qxa6 Ne4 30. Qc8+ Rd8 31. Qb7 Rd1+ 32. Ke2 Rb1 33.
a6 Rxb2+ 34. Ke1 Rb1+ 35. Ke2 Rb2+ 36. Kf1 Bc5 37. Qb8+ Ke7 38. Qc7+ Kf8 39. a7 Bxa7 40. Qxa7 Rxf2+ 41. Kg1 Rc2 42. Qb8+ Ke7 43. Qxb4+ Kf6 44.
Qa3 h6 45. Qa1+ Kg6 46. Ne5+ Kf6 47. Ng4+ Kg6 48. Ne5+ Kf6 49. Nd3+ Ke7 50. h4 Nc3 51. Qa7+ Kf8 52. Qb8+ Kg7 53. Qe5+ Kg8 54. Kh2 Ne4 55.
Qb8+ Kg7 56. Nf4 Rc6 57. Qb2+ Kh7 58. Nh5 Kg6 59. Ng3 Nf6 60. Ne2 Nd5 61. Nf4+ Nxf4 62. exf4 Rc4 63. g3 Re4 64. Qh8 Re3 65. Qg8+ Kf6 66. h5 Re2+ 67. Kh3 Re1 68. Qh8+ Ke7 69. Qxh6 1-0

[Event "*** Titled Tuesday Blitz"]
[Site "Chess.com"]
[Date "2021.02.02"]
[Round "8"]
[White "Vyacheslav_N"]
[Black "zeitnot2006"]
[Result "1-0"]
[WhiteElo "2389"]
[BlackElo "2526"]
[TimeControl "180+1"]
[EndTime "11:30:27 PST"]
[Termination "Vyacheslav_N won by resignation"]

1. e4 c5 2. Nf3 e6 3. c3 Qa5 4. Na3 d5 5. exd5 exd5 6. Bb5+ Nc6 7. Qe2+ Be7 8. Ne5 Qc7 9. d4 c4 10. Bf4 Qb6 11. Ba4 Be6 12. O-O Nf6 13. Rfe1 O-O 14. h3 Bxa3 15. bxa3 Bf5 16. Bc2 Bxc2 17. Qxc2 Rfe8 18.
a4 Nxe5 19. Rxe5 Rxe5 20. Bxe5 Nd7 21. Bg3 Re8 22. Rb1 Qc6 23. Qf5 g6 24. Qf3 a6 25. a5 Re4 26. a3 h5 27. h4 Re7 28. Bf4 Nf8 29. Bg5 Rd7 30. Rb6 Qc7 31. Bf4 Qd8 32. Be5 Ne6 33. g3 Qe7 34. a4 Kh7 35.
Bf6 Qa3 36. Be5 Qe7 37. Kg2 f5 38. Qe3 Qf7 39. Bf4 Nxf4+ 40. Qxf4 Re7 41. Qd6 Rd7 42. Qe5 Re7 43. Qf6 Rd7 44. Qxf7+ Rxf7 45. Rd6 Re7 46. Rxd5 Re2 47. Rc5 Kh6 48. Rxc4 Ra2 49. d5 Rd2 50. Rd4 Rd3 51. Rxd3 1-0

[Event "*** Titled Tuesday Blitz"]
[Site "Chess.com"]
[Date "2021.02.02"]
[Round "8"]
[White "FGHSMN"]
[Black "SaraciNderim"]
[Result "0-1"]
[WhiteElo "2636"]
[BlackElo "2829"]
[TimeControl "180+1"]
[EndTime "11:30:28 PST"]
[Termination "SaraciNderim won by checkmate"]

1. e4 e5 2. f4 d5 3. exd5 e4 4. d3 Qxd5 5. Nc3 Bb4 6. Bd2 Bxc3 7. Bxc3 Nf6 8. Bxf6 gxf6 9. dxe4 Qxe4+ 10. Qe2 Bf5 11. O-O-O Qxe2 12. Nxe2 Nc6 13. Ng3 Bg4 14. Re1+ Kf8 15. Bc4 Rd8 16. h3 Bc8 17. Nh5 f5 18. Re2 Nd4 19. Re3 Be6 20. Bxe6 Nxe6 21. Re5 Rg8 22.
g3 Ng7 23. Nf6 Rh8 24. Rhe1 h5 25. h4 Rh6 26. Nd5 c6 27. Ne7 Re6 28. Rxe6 fxe6 29. Ng6+ Kf7 30. Ne5+ Ke7 31. c3 Ne8 32. Nf3 Rd3 33.
Nd4 Kd7 34. Nxe6 b6 35. Ng7 Nxg7 36. Rd1 Rxd1+ 37. Kxd1 Ne8 38. Ke2 Nf6 39. Kf3 Ke6 40.
c4 Kd6 41. b3 Kc5 42. Ke3 Ne4 43. g4 hxg4 44. h5 Nf6 45. h6 a5 46. a3 a4 47. bxa4 Kxc4 48. Kf2 Kd3 49. Kg3 c5 50. Kh4 Nh7 51. Kh5 g3 52. Kg6 g2 53. Kxh7 g1=Q 54.
Kh8 Qg6 55. h7 Qf7 56. a5 Qf8# 0-1

[Event "*** Titled Tuesday Blitz"]
[Site "Chess.com"]
[Date "2021.02.02"]
[Round "8"]
[White "WPWPWP-2015"]
[Black "ChessQueen"]
[Result "0-1"]
[WhiteElo "2497"]
[BlackElo "2728"]
[TimeControl "180+1"]
[EndTime "11:30:29 PST"]
[Termination "ChessQueen won on time"]

1. e4 c6 2. Nc3 d5 3. Nf3 dxe4 4. Nxe4 Nf6 5. Nxf6+ exf6 6. d4 Bd6 7. Bd3 O-O 8. Be3 Re8 9. Qd2 Nd7 10. O-O-O Nf8 11. Rhe1 Be6 12. Kb1 b5 13. Bf4 a5 14. Be4 Ra6 15.
h3 a4 16. Bxd6 Qxd6 17. a3 Rb8 18. Qb4 Qc7 19. Re3 Rd8 20. Rc3 Qd6 21. Ne1 Ng6 22. Rc5 Bc4 23. g3 Ne7 24. Nf3 Ra7 25. Nd2 Be6 26.
Nf1 Bd5 27. f3 f5 28. Bxd5 Nxd5 29. Qd2 Re7 30. c4 bxc4 31. Rxc4 Ra8 32. Qc2 Rb7 33. Ka1 Rb3 34. Rd3 Rab8 35. Rxc6 Qf8 36. Qc1 Rxd3 37. Nd2 g6 38. Nc4 Rdb3 39. Ne5 Ne3 40. Rc7 R3b7 41. Nd7 Qd8 42. Rxb7 Rxb7 43. Nc5 Re7 44. Qc3 Qd5 45. Nd3 Qxf3 46. Qc8+ Kg7 47. Qc3 Qh1+ 48. Ka2 Qd5+ 49. Kb1 Nc4 50. Qc2 Rb7 51. Qc3 Rb3 0-1

[Event "*** Titled Tuesday Blitz"]
[Site "Chess.com"]
[Date "2021.02.02"]
[Round "8"]
[White "guillembaches"]
[Black "Ajedrez_con_German"]
[Result "1/2-1/2"]
[WhiteElo "2470"]
[BlackElo "2603"]
[TimeControl "180+1"]
[EndTime "11:30:29 PST"]
[Termination "Game drawn by repetition"]

1. d4 d5 2. Bf4 Nf6 3. e3 c5 4.
c3 Nc6 5. Nd2 Bf5 6. Qb3 Qd7 7.
Ngf3 c4 8. Qd1 e6 9. Be2 Bd6 10.
Bg3 O-O 11. Ne5 Qc7 12. f4 Ne4 13. Nxe4 Bxe4 14. Bf3 Bxf3 15. Qxf3 f5 16. O-O b5 17.
Nxc6 Qxc6 18. a3 a5 19. Bh4 b4 20. axb4 axb4 21. g4 Rxa1 22. Rxa1 Ra8 23. Rf1 Ra2 24. Rf2 bxc3 25. bxc3 Rxf2 26. Bxf2 Qb5 27. gxf5 Qb1+ 28. Kg2 Qxf5 29. h3 h6 30. Qg4 Kf7 31. Qxf5+ exf5 32. h4 g6 33. Kf3 Ke6 34. Ke2 Be7 35. Kd1 g5 36. fxg5 hxg5 37. hxg5 Bxg5 38. Ke2 f4 39. exf4 Bxf4 40. Kd1 Kf5 41. Kc2 Ke4 42. Bh4 Be3 43.
Bf6 Bf4 44. Bg7 Bg5 45. Bh8 Bf4 46. Bg7 Kf5 47. Bf8 Bg5 48. Bc5 Bf4 49. Ba7 Ke6 50. Bc5 Bd6 51. Bb6 Kd7 52. Ba5 Kc6 53. Bd8 Kd7 54.
Bg5 Ke6 55. Be3 Kf5 56. Bh6 Bf4 57. Bg7 Ke4 58. Bh8 Bg5 59. Bg7 Be3 60. Bf6 Bf2 61.
Bg7 Bg3 62. Bf6 Bd6 63. Bg7 Be7 64. Be5 Bf8 65. Bf6 Bd6 66. Bg7 Be7 67. Be5 Bf8 68.
Bf6 Bh6 69. Be5 Bg5 70. Bg7 Bf4 71. Bf6 Bh6 72. Be5 Bf8 1/2-1/2

[Event "*** Titled Tuesday Blitz"]
[Site "Chess.com"]
[Date "2021.02.02"]
[Round "8"]
[White "Meri-Arabidze"]
[Black "OK97"]
[Result "1-0"]
[WhiteElo "2622"]
[BlackElo "2767"]
[TimeControl "180+1"]
[EndTime "11:30:30 PST"]
[Termination "Meri-Arabidze won by checkmate"]

1. d4 Nf6 2. c4 g6 3. Nf3 Bg7 4. g3 O-O 5. Bg2 c5 6. d5 b5 7. cxb5 a6 8. bxa6 d6 9. O-O Nbd7 10. Nc3 Nb6 11. a7 Rxa7 12. Nd2 Bb7 13. e4 Ba6 14. Re1 Nfd7 15. Bf1 Ne5 16. Bxa6 Rxa6 17. Nf3 Nec4 18. Qe2 Qa8 19. Bg5 Ra7 20. Nb5 Ra5 21. Nc3 Nxb2 22. Rac1 N2c4 23. Bxe7 Re8 24. Bg5 h6 25. Bf4 g5 26.
Be3 Bxc3 27. Rxc3 Rxe4 28. Qd3 Qxd5 29. Qb1 Re6 30. Nd2 Nxd2 31. Bxd2 Nc4 32. Rxc4 Qxd2 33. Rxe6 fxe6 34. Qg6+ Kf8 35. Qf6+ Ke8 36. Qxe6+ Kd8 37. Re4 Kc7 38. Qe7+ Kc6 39. Qe8+ Kb6 40. Qb8+ Kc6 41. Qc8+ Kb6 42. Re7 Qd1+ 43. Kg2 Qd5+ 44. Kh3 Qc6 45. Qb8+ Ka6 46. Ra7# 1-0

[Event "*** Titled Tuesday Blitz"]
[Site "Chess.com"]
[Date "2021.02.02"]
[Round "8"]
[White "ChampStan"]
[Black "ehrenfeld"]
[Result "1-0"]
[WhiteElo "2190"]
[BlackElo "2499"]
[TimeControl "180+1"]
[EndTime "11:30:30 PST"]
[Termination "ChampStan won on time"]

1. d4 Nf6 2. c4 e6 3. Nc3 Bb4 4. Qc2 d6 5. a3 Bxc3+ 6. Qxc3 Nbd7 7. Bg5 h6 8. Bh4 g5 9. Bg3 Ne4 10. Qc2 f5 11. e3 Qe7 12. Bd3 Ndf6 13. Ne2 Bd7 14. f3 Nxg3 15. hxg3 O-O-O 16. O-O-O Kb8 17. Kb1 h5 18. Nc3 h4 19. gxh4 gxh4 20. e4 fxe4 21. Nxe4 Nxe4 22. Bxe4 Qf6 23. Qf2 d5 24. Bd3 Ba4 25. Rd2 dxc4 26. Bxc4 Bc6 27. Re1 Bd5 28. Bxd5 exd5 29. Re5 h3 30. gxh3 Rxh3 31. f4 Rg8 32. f5 Rh1+ 33. Ka2 a5 34. Re6 Qf7 35. Qf4 a4 36. Rde2 Rgg1 37. b4 axb3+ 38. Kxb3 Qd7 39. a4 Rb1+ 40. Kc3 Rhc1+ 41. Kd3 Qxa4 42.
Re8+ Ka7 43. Ke3 Rb3+ 44. Kf2 1-0

[Event "*** Titled Tuesday Blitz"]
[Site "Chess.com"]
[Date "2021.02.02"]
[Round "8"]
[White "CSB7"]
[Black "Orest_Vovk"]
[Result "1-0"]
[WhiteElo "2587"]
[BlackElo "2461"]
[TimeControl "180+1"]
[EndTime "11:30:31 PST"]
[Termination "CSB7 won by resignation"]

1. e4 g5 2. d4 g4 3. Qxg4 d5 4. Qe2 dxe4 5. Qxe4 Nf6 6. Qd3 Nc6 7. Nf3 Bg4 8. Nbd2 Qd5 9. c4 Qh5 10. g3 O-O-O 11.
Bg2 e5 12. O-O exd4 13. a3 Qf5 14. Qxf5+ Bxf5 15. b4 Bd3 16. Re1 a6 17. Bb2 Bh6 18.
b5 axb5 19. cxb5 Bxb5 20. Nb3 Ba4 21. Nbxd4 Nxd4 22. Nxd4 Bd7 23. Nf5 Bxf5 24. Bxf6 Rhe8 25. Bxd8 Rxd8 26. Be4 Be6 27. Bxh7 Bg7 28. Rad1 Rh8 29.
Bd3 c6 30. Kg2 Kc7 31. Be4 Ra8 32. Rd3 Bc4 33. Rf3 Bb2 34. Bd3 Bd5 35. Be4 Be6 36. h4 Rxa3 37. Rxa3 Bxa3 38. h5 Bb2 39. h6 b5 40. f4 Bh8 41. f5 Bc4 42. g4 b4 43.
g5 b3 44. g6 fxg6 45. fxg6 Bd5 46. Bxd5 cxd5 47. g7 Bxg7 48. hxg7 b2 49. g8=Q 1-0

[Event "*** Titled Tuesday Blitz"]
[Site "Chess.com"]
[Date "2021.02.02"]
[Round "8"]
[White "imdvb6307"]
[Black "Ze-Pequeno"]
[Result "1-0"]
[WhiteElo "2379"]
[BlackElo "2220"]
[TimeControl "180+1"]
[EndTime "11:30:31 PST"]
[Termination "imdvb6307 won on time"]

1. c4 Nf6 2. Nc3 g6 3. e4 d6 4.
Nf3 Bg7 5. d4 O-O 6. Be2 e5 7. O-O Nc6 8. d5 Ne7 9. Ne1 Nd7 10. f3 f5 11. g4 f4 12. h4 a5 13.
Nd3 c5 14. dxc6 Nxc6 15. Nb5 Qxh4 16. Qe1 Qe7 17. Nc7 Rb8 18. Kg2 Nc5 19. Nd5 Qd8 20. Nf2 Nd4 21. Rh1 Be6 22. Bd1 b5 23. Bd2 b4 24.
Qg1 h6 25. Qh2 Rb7 26. Qh4 g5 27. Qh2 Qd7 28. Qg1 Qf7 29. Rc1 Ra8 30. Qf1 Qd7 31.
Be2 Qd8 32. Nd3 Nxd3 33. Bxd3 Rc8 34. Be1 Rf7 35. Bf2 Nc6 36. Qd1 Rb8 37. Be2 Qf8 38.
Qa4 Ne7 39. Rh3 Ra8 40. Nc7 Qc8 41. Nxa8 Qxa8 42. c5 d5 43. Bd3 Nc6 44. Re1 Rd7 45. exd5 Bxd5 46. Be4 Bxe4 47. Rxe4 Rd2 48. Qb3+ Kh8 49.
Qe6 Nd4 50. Rxh6+ Bxh6 51. Qxh6+ Kg8 52. Qxg5+ Kf7 53. Qxe5 1-0

[Event "*** Titled Tuesday Blitz"]
[Site "Chess.com"]
[Date "2021.02.02"]
[Round "8"]
[White "Eternauta2400"]
[Black "paulrusan"]
[Result "0-1"]
[WhiteElo "2422"]
[BlackElo "2267"]
[TimeControl "180+1"]
[EndTime "11:30:31 PST"]
[Termination "paulrusan won on time"]

1. e4 c5 2. Nf3 Nc6 3. a3 e5 4.
Nc3 Nf6 5. Bc4 Be7 6. O-O d6 7. d3 O-O 8. Bg5 Be6 9. Bxf6 Bxf6 10. Bd5 Rb8 11. Nd2 Bg5 12. Nf3 Bh6 13. b4 cxb4 14. axb4 Nxb4 15. Bxe6 fxe6 16. Rxa7 Qc7 17. Ra3 d5 18. Qb1 Rxf3 19. gxf3 Nxc2 20. Qxc2 d4 21. Qb3 dxc3 22. Qxe6+ Kh8 23. Ra4 b5 24. Ra6 Rc8 25.
Rfa1 c2 26. Kg2 c1=Q 27. Rxc1 Bxc1 28. Rd6 Bf4 29. Rd7 Qc1 30. Re7 h6 31. Qg6 Rg8 32. Re8 Rxe8 33. Qxe8+ Kh7 34. Qe6 Qc7 35. Qf5+ g6 36.
Qe6 b4 37. h4 h5 38. Qc4 Qxc4 39. dxc4 Kg7 40. c5 Kf7 41. Kf1 Ke6 42. Ke2 Kd7 43.
Kd3 Kc6 44. Kc4 Bd2 45. f4 exf4 46. f3 Bc3 0-1

[Event "*** Titled Tuesday Blitz"]
[Site "Chess.com"]
[Date "2021.02.02"]
[Round "8"]
[White "Unknown_IM"]
[Black "IMAghasiyevKamal"]
[Result "0-1"]
[WhiteElo "2374"]
[BlackElo "2575"]
[TimeControl "180+1"]
[EndTime "11:30:33 PST"]
[Termination "IMAghasiyevKamal won by resignation"]

1. e4 e5 2. Nf3 Nc6 3. Bb5 a6 4. Ba4 d6 5. c3 Bd7 6. O-O g6 7.
d4 Bg7 8. Be3 Nf6 9. Bc2 O-O 10.
h3 Re8 11. Nbd2 Nh5 12. dxe5 dxe5 13. Nb3 b6 14. Qe2 Qe7 15. Rad1 h6 16. Qd2 Rad8 17. Bxh6 Bg4 18. Qg5 Bxf3 19. Qxe7 Nxe7 20. Rxd8 Rxd8 21. Bxg7 Kxg7 22. gxf3 Nf4 23. Rd1 Nxh3+ 24. Kg2 Nf4+ 25.
Kg1 Rxd1+ 26. Bxd1 Nd3 27. Be2 Nxb2 28. Bxa6 Na4 29.
c4 Nc3 30. a3 Kf6 31. Kg2 Ke6 32.
c5 b5 33. Kf1 Kd7 34. Ke1 Kc6 35. Kd2 Na4 36. Kc2 Nxc5 37. Nxc5 Kxc5 38. a4 bxa4 39. Kc3 Nc6 40. Bc4 f6 41. Bf7 g5 42.
Kd3 Nd4 43. Ke3 Kb4 44. f4 gxf4+ 45. Kd3 c5 46. Ba2 Nb3 47. Kc2 c4 48. Kb2 c3+ 49. Kc2 Kc4 50. Kb1 Kd3 51. Bxb3 axb3 52. f3 Kd2 0-1

[Event "*** Titled Tuesday Blitz"]
[Site "Chess.com"]
[Date "2021.02.02"]
[Round "8"]
[White "ARTHURMOTIVATOR"]
[Black "Make_it_shine060"]
[Result "1-0"]
[WhiteElo "2298"]
[BlackElo "2157"]
[TimeControl "180+1"]
[EndTime "11:30:33 PST"]
[Termination "ARTHURMOTIVATOR won on time"]

1. e4 c5 2. b3 g6 3. Bb2 Nf6 4. e5 Nh5 5. Nf3 Bg7 6. Bc4 Nc6 7. O-O O-O 8. Re1 d5 9. Bf1 Nf4 10. d3 Bg4 11. Nbd2 d4 12. h3 Bxf3 13. Nxf3 Qd5 14. g3 Ne6 15. Bg2 Qd7 16. h4 Qc7 17. Qe2 Rad8 18. Bc1 Rd5 19. Bf4 Nxf4 20. gxf4 e6 21.
h5 Rdd8 22. Ng5 Ne7 23. Qg4 Nf5 24. hxg6 hxg6 25. Be4 Nh6 26. Qh3 Qe7 27. Kg2 f5 28. Bf3 Rfe8 29. Rh1 Qc7 30. Qg3 Kf8 31. Rh4 Ke7 32.
Nxe6 Kxe6 33. Qxg6+ Kd7 34. Qxg7+ Re7 35. Qxh6 Rg8+ 36. Kh1 Reg7 37. Qf6 Kc8 38. Qxf5+ Kb8 39. Re1 Qd8 40. Rh3 Qe8 41. e6 Qe7 42. Qe5+ Ka8 43. f5 Rg5 44. Qe4 Qg7 45. Qxb7+ 1-0

[Event "*** Titled Tuesday Blitz"]
[Site "Chess.com"]
[Date "2021.02.02"]
[Round "8"]
[White "Joseacorrea"]
[Black "Pantata007"]
[Result "0-1"]
[WhiteElo "2016"]
[BlackElo "2234"]
[TimeControl "180+1"]
[EndTime "11:30:34 PST"]
[Termination "Pantata007 won by checkmate"]

1. d4 d5 2. e3 Nf6 3. Bd3 Nc6 4. f4 Nb4 5. Be2 Bf5 6. Na3 c5 7. c3 Nc6 8. Nf3 e6 9. O-O Be7 10. Ne5 O-O 11. Rf3 cxd4 12. exd4 Bxa3 13. bxa3 Nxe5 14. fxe5 Ne4 15. Re3 Rc8 16. Bb2 Qb6 17. Qb3 h6 18. Rd1 Rc7 19. Bd3 Qxb3 20. axb3 Nxc3 21. Bxc3 Rxc3 22. Kf2 Rxb3 23. Bxf5 Rxe3 24. Kxe3 exf5 25. Rb1 b6 26. Rb5 Rd8 27. a4 Rd7 28. Kf4 g6 29. h3 Kf8 30. a5 bxa5 31. Rxa5 Ke7 32. Ra6 Kd8 33. e6 fxe6 34. Rxe6 g5+ 35. Kxf5 Rf7+ 36. Ke5 Re7 37. Kxd5 Rxe6 38. Kxe6 a5 39. Kd5 Kd7 40.
Kc5 a4 41. Kb4 Kd6 42. Kxa4 Kd5 43. Kb4 Kxd4 44. g4 Ke4 45. Kc5 Kf4 46. Kd6 Kg3 47.
Ke6 Kxh3 48. Kf5 Kh4 49. Kg6 Kxg4 50. Kxh6 Kh4 51. Kg6 g4 52. Kf5 g3 53. Kf4 g2 54.
Kf5 g1=Q 55. Kf6 Qf2+ 56. Kg7 Qg3+ 57. Kh6 Qf4+ 58. Kg6 Qg5+ 59. Kh7 Qh5+ 60. Kg7 Kg5 61. Kg8 Qg6+ 62. Kh8 Qc6 63. Kg8 Qc7 64. Kf8 Kf6 65. Ke8 Qe7# 0-1

[Event "*** Titled Tuesday Blitz"]
[Site "Chess.com"]
[Date "2021.02.02"]
[Round "8"]
[White "AntonovaNadezhda"]
[Black "Larciano"]
[Result "0-1"]
[WhiteElo "2142"]
[BlackElo "1760"]
[TimeControl "180+1"]
[EndTime "11:30:34 PST"]
[Termination "Larciano won on time"]

1. d4 Nf6 2. Nf3 e6 3. Nbd2 c5 4. e3 b6 5. b3 Bb7 6. Bb2 Be7 7. Bd3 O-O 8. O-O d6 9. Re1 Nbd7 10. a3 a6 11. Qe2 Re8 12. c4 Nf8 13. e4 cxd4 14.
Nxd4 Ng6 15. g3 Rc8 16. Rad1 Qc7 17. f4 Ba8 18. N4f3 Qb7 19. Bb1 Bf8 20. h4 b5 21.
Ng5 h6 22. Ngf3 bxc4 23. Bxf6 gxf6 24. Nxc4 Qxb3 25. Nxd6 Bxd6 26. Rxd6 Rc3 27. Rd3 Rec8 28. h5 Ne7 29. Red1 Qxa3 30. Rxc3 Rxc3 31. Kf2 Kg7 32. Rd3 f5 33. Rxc3 Qxc3 34. Ne5 Qd4+ 35. Kf3 Bxe4+ 36. Bxe4 Qxe4+ 37. Qxe4 fxe4+ 38. Kxe4 a5 39. g4 Nd5 40. f5 a4 41. fxe6 fxe6 42. Nc4 Kf6 43. Na3 Kg5 44. Kf3 Nb4 45. Nc4 Nc2 46.
Ke2 a3 47. Kd2 a2 0-1